 Dungeon Crawl Stone Soup version 0.29.1-4-g47bece8355 (webtiles) character file.

Game seed: 2719295958961962331

1 mester the Caller (level 1, -1/10 HPs)
             Began as a Tengu Summoner on Dec 1, 2022.
             Slain by a jackal (2 damage)
             ... on level 1 of the Dungeon.
             The game lasted 00:00:53 (111 turns).

mester the Caller (Tengu Summoner)                   Turns: 111, Time: 00:00:54

Health: -1/10      AC:  2    Str:  8    XL:     1   Next: 20%
Magic:  3/4        EV: 12    Int: 15    God:
Gold:   28         SH:  0    Dex: 14    Spells: 3/4 levels left

rFire   . . .      SeeInvis .   (no weapon)
rCold   . . .      Faith    .   (no shield)
rNeg    . . .      Spirit   .   a - +0 robe
rPois   .          Reflect  .   (helmet restricted)
rElec   .          Harm     .   (no cloak)
rCorr   .          Rampage  .   (no gloves)
Will    .....                   (boots unavailable)
Stlth   ++........              (no amulet)
HPRegen 0.03/turn               (no ring)
MPRegen 0.09/turn               (no ring)

@: no status effects
A: beak, talons 3
a: no special abilities


You were on level 1 of the Dungeon.
You visited 1 branch of the dungeon, and saw 1 of its levels.

You collected 28 gold pieces.

Inventory:

Hand Weapons
 d - a +0 club
Missiles
 e - 12 stones
Armour
 a - a +0 robe (worn)
Scrolls
 c - a scroll of enchant weapon {unknown}
Potions
 b - a potion of magic


   Skills:
 + Level 2.2 Dodging
 + Level 2.0 Stealth
 + Level 2.0 Spellcasting
 + Level 4.9 Summonings


You had 3 spell levels left.
You knew the following spells:

 Your Spells              Type           Power      Damage    Failure   Level
a - Summon Small Mammal   Summ           64%        N/A       3%          1

Your spell library contained the following spells:

 Spells                   Type           Power      Damage    Failure   Level
 Call Imp                 Summ           16%        N/A       4%          2
 Call Canine Familiar     Summ           16%        N/A       9%          3
 Summon Guardian Golem    Hex/Summ       8%         N/A       24%         3
 Summon Lightning Spire   Summ/Air       8%         N/A       63%         4


Dungeon Overview and Level Annotations

Branches:
Dungeon (1/15)

Altars:


Innate Abilities, Weirdness & Mutations

You have a beak for a mouth.
You have claws for feet.


Message History

The kobold throws a stone.
The stone closely misses you.
Your rat bites the kobold.
The kobold dies!
You swap places.
Things that are here:
a +0 club; 5 stones
d - a +0 club;
e - 5 stones You now have 15 gold pieces.
You swap places.
Your rat disappears in a puff of smoke!
You now have 28 gold pieces (gained 13).
e - 12 stones (gained 7)
A ball python comes into view.
HP restored.
A hobgoblin comes into view.
Found a short jewelled staff and a sedimented coppery potion.
A jackal comes into view.
Found a robe.
The jackal barks!
You hear a bark!
A jackal comes into view.
The jackal barks!
You hear an angry hiss.
A ball python comes into view.
The ball python hisses angrily.
Found a murky dark potion.
The jackal completely misses you.
Casting: Summon Small Mammal (safe; 3% risk of failure)
Confirm with . or Enter, or press ? or * to list all spells.
The jackal barely misses you. The jackal bites you.
The jackal bites you but does no damage.
The jackal barely misses you. The jackal attacks as you move away!
The jackal bites you.
Your bat hits the jackal. The jackal bites you.
* * * LOW HITPOINT WARNING * * *
Your bat hits the jackal but does no damage.
The jackal attacks as you move away! The jackal barely misses you.
The jackal bites you but does no damage.
The jackal misses you. The jackal attacks as you move away!
The jackal bites you.
* * * LOW HITPOINT WARNING * * *
The jackal attacks as you move away! The jackal bites you.
You die...

#.########.....#######..#
....##...#.....#...#....#
....##.⌠!#.....#.⌠.#.#..#
##..##...#.....#...#....#
.....#####.....#####.#[##.
##.#......................
...#...................###
.####.......<....hS.......
. #...........@h.b......
#.....................
######.....#####......
##...#.....#...#|#.#.!
##.⌠.#.....#.⌠.#......
##...#.....#...###.###
######.....###### .#
...........#####. #


You could see 2 jackals, a ball python and a friendly bat (summoned).

Vanquished Creatures (collateral kills)
  A kobold (D:1)
1 creature vanquished.

Notes
Turn   | Place    | Note
-------+----------+-------------------------------------------
     0 | D:1      | mester the Tengu Summoner began the quest for the Orb.
     0 | D:1      | Reached XP level 1. HP: 10/10 MP: 4/4
   111 | D:1      | Slain by a jackal

Illustrated notes

Levels and vault maps discovered:
D:1:      minmay_arrival_glassed_features, layout_basic,
          ebering_ecumenical_altar_sacrificial

Action                   || total
-------------------------++-------
 Cast: Summon Small Mamm ||     3
Armor: Robe              ||     2
Dodge: Dodged            ||     7
